 Dungeon Crawl Stone Soup version 0.26-a0-774-g1415c89 (webtiles) character file.

Game seed: 7516454512598585954

6869 porkupine the Warrior (level 11, -4/114 HPs)
             Began as a Hill Orc Abyssal Knight on Nov 9, 2020.
             Was a High Priest of Lugonu.
             Slain by a swamp worm (shapeshifter) (5 damage)
             ... on level 9 of the Dungeon.
             The game lasted 00:31:57 (10347 turns).

porkupine the Warrior (Hill Orc Abyssal Knight)    Turns: 10347, Time: 00:31:57

Health: -4/114     AC: 23    Str: 19    XL:     11   Next: 6%
Magic:  13/16      EV:  6    Int: 12    God:    Lugonu [*****.]
Gold:   1042       SH:  0    Dex: 10    Spells: 10/10 levels left

rFire    x . .     SeeInvis .   a - +6 rapier (vamp)
rCold    + . .     Faith    .   (no shield)
rNeg     + . .     Spirit   .   V - +2 plate armour (curse)
rPois    .         Reflect  .   f - +2 helmet
rElec    .         Harm     .   (no cloak)
rCorr    .         Rampage  .   o - +1 pair of gloves
MR       .....                  m - +2 pair of boots
Stlth    ..........             (no amulet)
HPRegen  0.29/turn              i - ring of ice
MPRegen  0.15/turn              I - ring of positive energy

@: no status effects
A: no striking features
a: Depart the Abyss, Bend Space, Banish, Corrupt, Enter the Abyss, Renounce
Religion


You were on level 9 of the Dungeon.
You worshipped Lugonu.
Lugonu was extremely pleased with you.
You visited 2 branches of the dungeon, and saw 10 of its levels.
You visited the Abyss 1 time.

You collected 1042 gold pieces.

Inventory:

Hand Weapons
 a - a +6 vampiric rapier (weapon)
 b - a +0 hand crossbow
 u - a +2 whip of pain
 G - a +2 mace of draining
 U - a +3 falchion
 Y - a +2 morningstar of pain
Missiles
 w - 5 javelins
 C - 23 poisoned darts
 L - a throwing net
 M - 5 boomerangs (quivered)
 O - 65 bolts
 W - 2 silver boomerangs
Armour
 f - a +2 helmet (worn)
 m - a +2 pair of boots (worn)
 o - a +1 pair of gloves (worn)
 V - a cursed +2 plate armour (worn)
Jewellery
 i - a ring of ice (left hand)
 I - a ring of positive energy (right hand)
Wands
 d - a wand of acid (7)
 x - a wand of polymorph (13)
 D - a wand of random effects (33)
 P - a wand of iceblast (4)
Scrolls
 r - 3 scrolls of identify
 s - 2 scrolls of fog
 v - 4 scrolls of remove curse
 y - 7 scrolls of teleportation
 J - 2 scrolls of fear
Potions
 c - 4 potions of curing
 g - 2 potions of lignification {unknown}
 h - a potion of brilliance {unknown}
 k - 3 potions of haste
 l - a potion of invisibility {unknown}
 n - a potion of heal wounds {unknown}
 z - a potion of cancellation {unknown}
 A - a potion of attraction {unknown}
 B - a potion of resistance {unknown}
 E - a potion of flight {unknown}
 K - a potion of berserk rage {unknown}
 N - 2 potions of magic {unknown}
 T - 2 potions of might {unknown}
Miscellaneous
 X - a condenser vane


   Skills:
 + Level 15.9 Fighting
 + Level 2.4 Short Blades
   Level 2.6 Axes
 + Level 6.5 Armour
 - Level 0.7 Dodging
 + Level 7.7 Invocations
 + Level 2.8 Evocations


You had 10 spell levels left.
You didn't know any spells.
Your spell library was empty.

Dungeon Overview and Level Annotations

Branches:
Dungeon (9/15)             Temple (1/1) D:6            Lair (0/6) D:8
    Orc: D:9-12

Altars:
Ashenzari
Fedhas
Gozag
Kikubaaqudgha
Makhleb
Okawaru
Sif Muna
Trog
Wu Jian

Shops:
D:5 *

Annotations:
D:8 corrupted


Message History

Space bends around you!
You blink.
The swamp worm fires a harpoon shot at you.
The harpoon shot hits you.
* * * LOW HITPOINT WARNING * * *
You are yanked forward by the harpoon shot.
The wight completely misses you.
You don't have enough health at the moment.
You feel better.
The swamp worm bites you but does no damage.
The shadow closely misses you. The wight barely misses you.
Space bends around you!
You blink.
The swamp worm fires a harpoon shot at you.
The harpoon shot hits you.
* * * LOW HITPOINT WARNING * * *
You are yanked forward by the harpoon shot.
The wight hits you but does no damage.
You closely miss the swamp worm. The swamp worm bites you.
* * * LOW HITPOINT WARNING * * *
The shadow hits you. The swamp worm bites you.
You die...

....#####......#.###.###.##.##.##
....# #......##.#/Z$#.##.#.#..#
....#####.!..#..#.##Z##. ##.###.#
........#.......##.#Z#.###.#)##..
##......######...#.###.##.#.#.##.
##.<....# #...##.#S##.#.#†#.#.
........# ##...#.#.###.#.#.###
...###### #..)##)###.#.#.#.##
...# ##@W.#.##.#.#.#.#.# ...#
#.w.#.#.#######.#. ...#
##.z##..#(#(#..##. ...#
#?..#..#.#.#..##. ####
#...##.#.#.#.##..
##...#.#.#.#.##..
###.##z.#..##..# #..#..#..##..#
##.##Y#.##....


You could see a swamp worm shaped shifter, a shadow and a wight.

Vanquished Creatures
  A two-headed ogre (D:8)
  The ghost of porkupine the Thaumaturge, a novice DECj of Dithmenos (D:8)
  A deep elf mage (D:9)
  A hornet (D:9)
  Grinder (D:6)
  Sigmund (D:3)
  2 water moccasins
  2 ice beasts
  2 orc warriors
  2 sky beasts
  2 necrophages
  6 ogres
  2 phantoms
  2 centaurs
  A big kobold (D:8)
  8 bullfrogs
  A wyvern zombie (D:9)
  A gnoll sergeant (D:9)
  4 scorpions
  10 wights (D:6)
  A howler monkey (D:5)
  4 jellies
  3 bullfrog zombies
  A centaur zombie (D:9)
  3 hounds
  9 orc priests
  2 bullfrog skeletons
  A gnoll shaman (D:5)
  Ijyb (D:3)
  3 iguanas
  11 orc wizards
  5 worker ants
  A hound skeleton (D:9)
  A worker ant zombie (D:5)
  13 adders
  13 gnolls
  A howler monkey skeleton (D:9)
  2 shadow imps
  A white imp (D:7)
  2 ufetubi
  An adder zombie (D:5)
  2 worms
  10 dart slugs (D:3)
  7 leopard geckos
  32 orcs
  2 ball pythons
  14 bats
  4 giant cockroaches
  8 goblins
  8 hobgoblins
  7 jackals
  16 kobolds
  4 quokkas
  9 frilled lizards
  2 giant cockroach zombies (D:5)
  A jackal skeleton (D:4)
  A leopard gecko skeleton (D:4)
  A quokka skeleton (D:5)
  A quokka zombie (D:5)
  6 rats
265 creatures vanquished.

Vanquished Creatures (others)
  3 wargs (D:8)
  An ogre (D:8)
  3 orc priests (D:8)
  An orc wizard (D:8)
  2 orcs (D:8)
  2 plants (D:3)
  12 starspawn tentacles (D:8)
24 creatures vanquished.

Grand Total: 289 creatures vanquished

Notes
Turn   | Place    | Note
-------+----------+-------------------------------------------
     0 | Abyss:1  | porkupine the Hill Orc Abyssal Knight began the quest for
                  | the Orb.
     0 | Abyss:1  | Reached XP level 1. HP: 19/19 MP: 2/2
     0 | Abyss:1  | Found a corrupted altar of Lugonu.
    49 | Abyss:2  | Noticed a tentacled starspawn
   165 | Abyss:3  | Noticed a guardian serpent
   173 | Abyss:3  | Noticed an ancient zyme
   175 | D:1      | Escaped the Abyss
   251 | D:1      | Reached skill level 4 in Fighting
   355 | D:1      | Reached XP level 2. HP: 27/27 MP: 3/3
   426 | D:1      | Reached * piety under Lugonu
   695 | D:1      | Reached skill level 5 in Fighting
   695 | D:1      | Reached XP level 3. HP: 36/36 MP: 4/4
   862 | D:2      | Reached ** piety under Lugonu
   874 | D:2      | Reached XP level 4. HP: 43/44 MP: 5/5
  1024 | D:2      | Reached skill level 6 in Fighting
  1898 | D:3      | Reached XP level 5. HP: 51/51 MP: 6/6
  1982 | D:3      | Noticed Ijyb
  2006 | D:3      | Killed Ijyb
  2006 | D:3      | Reached skill level 7 in Fighting
  2150 | D:3      | Reached *** piety under Lugonu
  2215 | D:3      | Noticed Sigmund
  2220 | D:3      | Reached XP level 6. HP: 57/61 MP: 7/7
  2242 | D:3      | Killed Sigmund
  2242 | D:3      | Reached skill level 8 in Fighting
  2590 | D:3      | Reached skill level 9 in Fighting
  2597 | D:3      | Reached XP level 7. HP: 54/70 MP: 8/8
  2857 | D:3      | Found a shimmering blue altar of Sif Muna.
  3257 | D:4      | Found a burning altar of Makhleb.
  3257 | D:4      | Found a blossoming altar of Fedhas.
  3262 | D:4      | Found an ancient bone altar of Kikubaaqudgha.
  3264 | D:4      | Found a bloodstained altar of Trog.
  3265 | D:4      | Found an ornate altar of the Wu Jian Council.
  3468 | D:4      | Reached skill level 10 in Fighting
  3784 | D:5      | Entered Level 5 of the Dungeon
  3902 | D:5      | Reached **** piety under Lugonu
  4154 | D:5      | Reached XP level 8. HP: 51/81 MP: 9/9
  4161 | D:5      | Reached skill level 11 in Fighting
  4817 | D:5      | Reached skill level 12 in Fighting
  4991 | D:5      | Found Qoijyo's General Store.
  5263 | D:6      | Found a staircase to the Ecumenical Temple.
  5434 | D:6      | Reached skill level 13 in Fighting
  5434 | D:6      | Reached XP level 9. HP: 45/93 MP: 10/10
  6065 | D:6      | Noticed Grinder
  6070 | D:6      | Paralysed by Grinder for 7 turns
  6087 | D:6      | Killed Grinder
  6087 | D:6      | Reached skill level 14 in Fighting
  6581 | Temple   | Entered the Ecumenical Temple
  6743 | D:7      | Reached ***** piety under Lugonu
  7199 | D:7      | Found a broken altar of Ashenzari.
  7461 | D:7      | Reached skill level 15 in Fighting
  7855 | D:8      | Found a staircase to the Lair.
  7864 | D:8      | Corrupted D:8
  7864 | D:8      | Noticed a deep elf sorcerer
  7864 | D:8      | Noticed a flayed ghost
  7864 | D:8      | Noticed a tentacled starspawn
  7865 | D:8      | Noticed a tentacled starspawn
  7865 | D:8      | Noticed a tentacled starspawn
  7865 | D:8      | Noticed a glowing orange brain
  7870 | D:8      | Noticed a hell hog
  8304 | D:8      | Found a runed translucent gate.
  8304 | D:8      | Found a runed translucent gate.
  8304 | D:8      | Found a runed translucent gate.
  8305 | D:8      | Found an opulent altar of Gozag.
  8306 | D:8      | Noticed porkupine's ghost (novice DECj)
  8339 | D:8      | Killed porkupine's ghost
  8339 | D:8      | Reached skill level 5 in Invocations
  8339 | D:8      | Reached XP level 10. HP: 91/105 MP: 13/13
  8777 | D:8      | Noticed a two-headed ogre
  8802 | D:8      | Killed a two-headed ogre
  8802 | D:8      | Reached skill level 5 in Armour
  9618 | D:9      | Reached skill level 1 in Evocations
  9724 | D:9      | Reached skill level 1 in Short Blades
 10290 | D:9      | Noticed a deep elf mage
 10292 | D:9      | Reached XP level 11. HP: 110/114 MP: 16/16
 10308 | D:9      | Killed a deep elf mage
 10308 | D:9      | Noticed a mana viper
 10308 | D:9      | a jumping spider changed into a mana viper
 10342 | D:9      | HP: 4/114 [swamp worm (shapeshifter)/harpoon shot (10)]
 10343 | D:9      | HP: 1/114 [swamp worm (shapeshifter)/harpoon shot (2)]
 10347 | D:9      | Slain by a swamp worm (shapeshifter)

Illustrated notes

Levels and vault maps discovered:
D:1:      heliophobic_arrival_battle_scene, layout_basic, chequers_garden
D:2:      layout_basic, minmay_puff
D:3:      kennysheep_slugbush, layout_loops_corners, tgw_sif,
          serial_bayou_lake_a, uniq_ijyb, uniq_sigmund
D:4:      layout_gridville, chequers_temple_overflow_minitemple,
          dk_noncrumbling_4
D:5:      layout_cave_pods, serial_shops, kennysheep_little_box
D:6:      layout_loops_ring, minmay_temple_entry_arrows, uniq_grinder
D:7:      layout_basic, ashenzari_conservatory_becter
D:8:      layout_rooms, erik_lair_orcish_takeover, ebering_ghost_gozag
D:9:      minmay_the_grid_triangle_9x9_rhombus_thin
          [minmay_the_grid_triangle_9x9_checkered,
          minmay_the_grid_triangle_9x9_prize_top_heavy,
          minmay_the_grid_triangle_9x9_dagger,
          minmay_the_grid_triangle_9x9_wacky_v], layout_basic
Temple:   regret_index_temple_generic_petals

Skill      XL: |  1  2  3  4  5  6  7  8  9 10 |
---------------+-------------------------------+-----
Fighting       | 4 5 6 7 9 10 13 15 | 15.9
Invocations    | 5 7 |  7.7
Armour         | 4 6 |  6.5
Evocations     | 2 |  2.8
Short Blades   | 2 |  2.4
Axes           | |  2.6
Dodging        | |  0.7

Action                   |  1- 3 |  4- 6 |  7- 9 | 10-12 || total
-------------------------+-------+-------+-------+-------++-------
Melee: Rapier            |    81 |   211 |   554 |   258 ||  1104
 Fire: Hand crossbow     |       |       |       |    31 ||    31
Throw: Dart              |       |     7 |     2 |       ||     9
       Boomerang         |       |       |    10 |    16 ||    26
Invok: Depart the Abyss  |     1 |       |       |       ||     1
       Bend Space        |       |       |     2 |     3 ||     5
       Corrupt           |       |       |     1 |       ||     1
Evoke: Wand              |       |       |     6 |       ||     6
  Use: Scroll            |     3 |     3 |    13 |     3 ||    22
       Potion            |       |       |     1 |     1 ||     2
Armor: Leather armour    |    16 |       |       |       ||    16
       Scale mail        |     2 |   128 |   349 |       ||   479
       Chain mail        |    56 |    31 |       |       ||    87
       Plate armour      |       |       |    83 |   208 ||   291
Dodge: Dodged            |    38 |   118 |   280 |    75 ||   511

Table legend: (Time is in decaauts)
 A = Elapsed time spent in this place.
 B = Non-inter-level travel time spent in this place.
 C = Inter-level travel time spent in this place.
 D = Time resting spent in this place.
 E = Time spent auto-exploring this place.
 F = Levels seen in this place.
 G = Mean time per level.
                   A        B        C        D        E       F      G
               +--------+--------+--------+--------+--------+-----+--------+
         Total |  10654 |  10461 |    193 |    935 |   6856 |  13 |  819.5 |
       Dungeon |  10441 |  10248 |    193 |    873 |   6828 |   9 | 1160.1 |
        Temple |     37 |     37 |      0 |      0 |      0 |   1 |   37.0 |
         Abyss |    174 |    174 |      0 |     62 |     28 |   3 |   58.0 |
               +--------+--------+--------+--------+--------+-----+--------+

Top non-repeatable levels by time:
     D:6: 1600 daAuts
     D:7: 1297 daAuts
     D:3: 1270 daAuts
     D:9: 1270 daAuts
     D:5: 1195 daAuts
     D:2: 1134 daAuts
     D:4: 1068 daAuts
     D:8: 1030 daAuts
     D:1: 574 daAuts
 Abyss:2: 138 daAuts
  Temple: 37 daAuts
 Abyss:3: 21 daAuts
 Abyss:1: 15 daAuts
